2752 views
Uploaded 2020-02-15 14:40:28
Game version 1.32 / 1.32.1
31:04 long 1on1 ladder game on (4)TwistedMeadows
Saved by xzz
2752 views
Uploaded 2020-02-15 14:40:28
Game version 1.32 / 1.32.1
31:04 long 1on1 ladder game on (4)TwistedMeadows

33 units @ 4.8k
/ 1k
56 buildings @ 7.4k
/ 4.3k

| Healing Salve | 7 | 700 |
| Lesser Clarity Potion | 9 | 630 |
| Scroll of Speed | 3 | 150 |
| Potion of Healing | 2 | 300 |
| Orb of Lightning | 1 | 375 |
| Potion of Mana | 1 | 200 |
| Scroll of Town Portal | 1 | 350 |
| Boots of Speed | 1 | 250 |
| Staff of Teleportation | 1 | 150 |
| Potion of Lesser Invulnerability | 2 | 300 |
| total: | 28 | 3405g |
| Peon | 15 | 1125 | / | 0 |
| Troll Batrider | 11 | 1760 | / | 440 |
| Wind Rider | 1 | 265 | / | 40 |
| Goblin Shredder | 2 | 750 | / | 200 |
| Goblin Zeppelin | 1 | 240 | / | 60 |
| Goblin Sapper | 3 | 645 | / | 300 |
| total: | 33 | 4785g | / | 1040w |
| Watch Tower | 37 | 4070 | / | 2960 |
| Altar of Storms | 1 | 180 | / | 50 |
| Orc Burrow | 7 | 1120 | / | 280 |
| War Mill | 1 | 205 | / | 0 |
| Voodoo Lounge | 4 | 520 | / | 120 |
| Great Hall | 2 | 770 | / | 370 |
| Beastiary | 4 | 580 | / | 560 |
| Stronghold | 1 | 315 | / | 190 |
| Fortress | 1 | 325 | / | 190 |
| total: | 56 | 7445g | / | 4340w |
| 0:07 | Peon |
| 0:07 | Peon |
| 0:09 | Altar of Storms |
| 0:12 | Orc Burrow |
| 0:39 | Peon |
| 0:55 | War Mill |
| 1:11 | Voodoo Lounge |
| 1:25 | Peon |
| 1:44 | Peon |
| 1:56 | Orc Burrow |
| 2:01 | Peon |
| 2:02 | Peon |
| 2:08 | Orc Burrow |
| 2:11 | Orc Burrow |
| 2:16 | Wind Walk |
| 2:25 | Watch Tower |
| 2:31 | Peon |
| 2:31 | Peon |
| 2:31 | Peon |
| 2:31 | Peon |
| 3:07 | Peon |
| 3:08 | Peon |
| 3:16 | Peon |
| 3:17 | Peon |
| 3:30 | Stronghold |
| 3:34 | Healing Salve |
| 3:35 | Lesser Clarity Potion |
| 3:35 | Lesser Clarity Potion |
| 3:40 | Scroll of Speed |
| 3:51 | Watch Tower |
| 4:39 | Watch Tower |
| 5:03 | Watch Tower |
| 5:14 | Orc Burrow |
| 5:17 | Watch Tower |
| 5:19 | Healing Salve |
| 5:19 | Lesser Clarity Potion |
| 5:19 | Lesser Clarity Potion |
| 5:39 | Spiked Barricades |
| 5:53 | Beastiary |
| 6:40 | Critical Strike |
| 6:51 | Goblin Shredder |
| 7:03 | Troll Batrider |
| 7:06 | Beastiary |
| 7:26 | Goblin Zeppelin |
| 8:18 | Troll Batrider |
| 8:35 | Watch Tower |
| 8:42 | Watch Tower |
| 8:45 | Watch Tower |
| 8:53 | Watch Tower |
| 8:57 | Reinforced Defenses |
| 9:05 | Wind Walk |
| 9:40 | Troll Batrider |
| 9:42 | Fortress |
| 9:48 | Great Hall |
| 10:10 | Watch Tower |
| 10:10 | Watch Tower |
| 10:10 | Watch Tower |
| 10:19 | Lesser Clarity Potion |
| 10:21 | Steel Ranged Weapons |
| 10:24 | Troll Batrider |
| 10:39 | Troll Batrider |
| 10:47 | Watch Tower |
| 10:59 | Scroll of Speed |
| 11:00 | Lesser Clarity Potion |
| 11:15 | Orc Burrow |
| 11:48 | Troll Batrider |
| 11:59 | Lesser Clarity Potion |
| 12:07 | Liquid Fire |
| 12:23 | Troll Batrider |
| 12:32 | Thorium Ranged Weapons |
| 12:46 | Scroll of Speed |
| 12:49 | Potion of Healing |
| 13:06 | Troll Batrider |
| 13:19 | Steel Armor |
| 13:25 | Troll Batrider |
| 13:33 | Goblin Sapper |
| 13:33 | Goblin Sapper |
| 13:54 | Troll Batrider |
| 13:57 | Arcanite Ranged Weapons |
| 14:57 | Boots of Speed |
| 14:57 | Staff of Teleportation |
| 14:58 | Potion of Lesser Invulnerability |
| 15:32 | Goblin Sapper |
| 16:38 | Troll Batrider |
| 16:56 | Healing Salve |
| 16:56 | Healing Salve |
| 17:07 | Lesser Clarity Potion |
| 17:09 | Scroll of Town Portal |
| 17:10 | Potion of Healing |
| 17:15 | Orb of Lightning |
| 17:53 | Beastiary |
| 17:58 | Beastiary |
| 18:51 | Critical Strike |
| 19:08 | Watch Tower |
| 19:20 | Potion of Mana |
| 19:39 | Watch Tower |
| 19:40 | Wind Rider |
| 20:34 | Wind Walk |
| 20:44 | Orc Burrow |
| 20:52 | Voodoo Lounge |
| 21:28 | Watch Tower |
| 21:28 | Watch Tower |
| 21:28 | Watch Tower |
| 21:29 | Watch Tower |
| 21:30 | Watch Tower |
| 21:32 | Watch Tower |
| 22:00 | Thorium Armor |
| 22:00 | Improved Spiked Barricades |
| 22:02 | Arcanite Armor |
| 22:09 | Voodoo Lounge |
| 22:11 | Voodoo Lounge |
| 22:14 | Watch Tower |
| 22:15 | Watch Tower |
| 22:16 | Watch Tower |
| 22:17 | Watch Tower |
| 22:26 | Lesser Clarity Potion |
| 22:30 | Healing Salve |
| 22:43 | Envenomed Spears |
| 23:18 | Potion of Lesser Invulnerability |
| 25:01 | Great Hall |
| 25:04 | Watch Tower |
| 25:04 | Watch Tower |
| 25:04 | Watch Tower |
| 25:05 | Watch Tower |
| 25:05 | Watch Tower |
| 25:06 | Watch Tower |
| 25:06 | Watch Tower |
| 25:07 | Watch Tower |
| 25:08 | Watch Tower |
| 25:09 | Watch Tower |
| 25:09 | Watch Tower |
| 25:10 | Watch Tower |
| 25:54 | Goblin Shredder |
| 26:48 | Healing Salve |
| 27:26 | Healing Salve |
| Right click | 923 |
| Select | 467 |
| Build/train/purchase | 159 |
| Chat | 131 |
| Select group | 78 |
| Use ability | 28 |
| Item give/drop | 13 |
| Assign group | 11 |
| Misc. action | 6 |
| Esc | 6 |
| Remove unit | 4 |
34 units @ 4.6k
/ 0.3k
22 buildings @ 2.1k
/ 0.7k


| Orb of Fire | 1 | 325 |
| Scroll of Town Portal | 1 | 350 |
| total: | 2 | 675g |
| Peasant | 10 | 750 | / | 0 |
| Footman | 10 | 1350 | / | 0 |
| Rifleman | 5 | 1025 | / | 150 |
| Priest | 5 | 675 | / | 50 |
| Knight | 2 | 490 | / | 120 |
| Sorceress | 1 | 155 | / | 20 |
| Forest Troll Shadow Priest | 1 | 195 | / | 10 |
| total: | 34 | 4640g | / | 350w |
| Scout Tower | 3 | 90 | / | 60 |
| Arcane Tower | 3 | 210 | / | 150 |
| Altar of Kings | 1 | 180 | / | 50 |
| Farm | 12 | 960 | / | 240 |
| Barracks | 2 | 320 | / | 120 |
| Blacksmith | 1 | 140 | / | 60 |
| Lumber Mill | 1 | 120 | / | 0 |
| Arcane Vault | 1 | 130 | / | 30 |
| Arcane Sanctum | 1 | 150 | / | 140 |
| Keep | 1 | 320 | / | 210 |
| Castle | 1 | 360 | / | 210 |
| total: | 22 | 2090g | / | 700w |
| 0:07 | Altar of Kings |
| 0:08 | Peasant |
| 0:08 | Peasant |
| 0:08 | Peasant |
| 0:26 | Farm |
| 0:29 | Barracks |
| 1:09 | Peasant |
| 1:10 | Peasant |
| 1:10 | Peasant |
| 1:21 | Farm |
| 1:36 | Footman |
| 1:36 | Footman |
| 1:44 | Peasant |
| 1:51 | Peasant |
| 2:03 | Blacksmith |
| 2:15 | Holy Light |
| 2:20 | Footman |
| 2:27 | Farm |
| 3:01 | Farm |
| 3:33 | Iron Plating |
| 3:45 | Scout Tower |
| 4:17 | Footman |
| 4:17 | Footman |
| 4:29 | Arcane Tower |
| 4:30 | Keep |
| 4:36 | Iron Forged Swords |
| 4:54 | Scout Tower |
| 5:13 | Lumber Mill |
| 5:47 | Rifleman |
| 5:47 | Footman |
| 5:50 | Footman |
| 5:52 | Arcane Tower |
| 6:35 | Footman |
| 6:36 | Footman |
| 6:45 | Scout Tower |
| 6:51 | Footman |
| 7:12 | Arcane Tower |
| 7:21 | Farm |
| 8:10 | Summon Water Elemental |
| 8:16 | Rifleman |
| 8:27 | Arcane Sanctum |
| 8:37 | Farm |
| 9:20 | Peasant |
| 9:58 | Forest Troll Shadow Priest |
| 10:12 | Farm |
| 10:23 | Devotion Aura |
| 10:35 | Farm |
| 10:37 | Priest |
| 10:37 | Priest |
| 10:39 | Priest |
| 10:40 | Priest Adept Training |
| 11:05 | Farm |
| 11:07 | Castle |
| 11:11 | Steel Forged Swords |
| 11:52 | Improved Lumber Harvesting |
| 12:17 | Steel Plating |
| 12:17 | Mithril Plating |
| 12:49 | Brilliance Aura |
| 13:11 | Priest |
| 13:15 | Rifleman |
| 13:50 | Devotion Aura |
| 14:37 | Farm |
| 14:38 | Knight |
| 14:39 | Knight |
| 14:39 | Animal War Training |
| 14:44 | Priest Master Training |
| 14:44 | Priest |
| 15:05 | Arcane Vault |
| 15:10 | Peasant |
| 15:13 | Advanced Lumber Harvesting |
| 16:02 | Scroll of Town Portal |
| 16:03 | Orb of Fire |
| 16:22 | Rifleman |
| 16:22 | Rifleman |
| 16:39 | Barracks |
| 17:11 | Farm |
| 17:29 | Black Gunpowder |
| 17:30 | Studded Leather Armor |
| 18:14 | Sorceress |
| 18:48 | Summon Water Elemental |
| 19:22 | Farm |
| Right click | 368 |
| Select | 353 |
| Build/train/purchase | 77 |
| Chat | 26 |
| Use ability | 22 |
| Select group | 22 |
| Misc. action | 11 |
| Assign group | 9 |
| Remove unit | 2 |